 Dungeon Crawl Stone Soup version 0.29-a0-103-g37f86683bf (webtiles) character file.

Game seed: 110942383181917062

58215 drugrobin the Impaler (level 14, -3/121 HPs)
             Began as a Demigod Warper on Feb 16, 2022.
             Slain by an orc warlord (4 damage)
             ... on level 2 of the Orcish Mines.
             The game lasted 01:53:12 (26183 turns).

drugrobin the Impaler (Demigod Warper)             Turns: 26183, Time: 01:53:13

Health: -3/121     AC: 13    Str: 20    XL:     14   Next: 14%
Magic:  19/23      EV: 20    Int: 15    God:
Gold:   2665       SH:  0    Dex: 27    Spells: 4/19 levels left

rFire   . . .      SeeInvis +   a - +0 glaive (spect)
rCold   . . .      Faith    .   (shield currently unavailable)
rNeg    . . .      Spirit   .   d - +0 troll leather armour
rPois   .          Reflect  .   G - +2 helmet {SInv}
rElec   .          Harm     .   R - +2 cloak
rCorr   .          Rampage  .   h - +0 pair of gloves
Will    +....                   T - +0 pair of boots
Stlth   ++........              M - amulet of regeneration
HPRegen 1.90/turn               t - ring of wizardry
MPRegen 0.18/turn               O - +6 ring of dexterity

@: no status effects
A: high MP 1, forlorn, divine attributes
a: no special abilities


You were on level 2 of the Orcish Mines.
You visited 4 branches of the dungeon, and saw 20 of its levels.
You also visited: Sewer and Volcano.

You collected 2665 gold pieces.

Inventory:

Hand Weapons
 a - a +0 spectral glaive (weapon)
 b - a +0 vorpal shortbow
 i - a +2 broad axe of flaming
 j - a +4 hand axe of venom
Missiles
 e - a throwing net
 r - 11 curare-tipped darts
 D - 37 poisoned darts
 J - 22 boomerangs (quivered)
 P - 482 arrows
Armour
 d - a +0 troll leather armour (worn)
 h - a +0 pair of gloves (worn)
 G - a +2 helmet of see invisible (worn)
 R - a +2 cloak (worn)
 T - a +0 pair of boots (worn)
Jewellery
 p - a ring of flight
 t - a ring of wizardry (left hand)
 x - a ring of protection from cold
 B - a ring of ice
 E - a ring of protection from fire
 M - an amulet of regeneration (around neck)
 O - a +6 ring of dexterity (right hand)
 S - a ring of willpower
 X - a ring of protection from fire
Wands
 g - a wand of charming (7)
 s - a wand of mindburst (8)
 u - a wand of acid (10)
 W - a wand of iceblast (21)
Scrolls
 f - 15 scrolls of teleportation
 z - a scroll of magic mapping
 A - 2 scrolls of vulnerability
 H - 3 scrolls of blinking
 K - a scroll of summoning
 L - 3 scrolls of fear
 V - a scroll of fog
Potions
 c - a potion of brilliance
 m - 7 potions of curing
 n - 2 potions of resistance
 o - a potion of haste
 q - 3 potions of might
 w - 4 potions of invisibility
 C - 5 potions of heal wounds
 F - 2 potions of flight
 Q - 3 potions of cancellation
 U - 2 potions of ambrosia
Miscellaneous
 v - a condenser vane
 N - a box of beasts


   Skills:
 + Level 10.1 Fighting
 + Level 18.1 Polearms
 - Level 0.8 Throwing
 - Level 3.0 Armour
 + Level 9.1 Dodging
 - Level 3.4 Spellcasting
 - Level 7.0 Translocations


You had 4 spell levels left.
You knew the following spells:

 Your Spells              Type           Power      Damage    Failure   Level
a - Blink                 Tloc           46%        N/A       1%          2
b - Teleport Other        Tloc           23%        N/A       1%          3
c - Mephitic Cloud        Conj/Pois/Air  2%         N/A       26%         3
d - Call Canine Familiar  Summ           2%         N/A       26%         3
e - Gell's Gravitas       Tloc           23%        N/A       1%          3
q - Apportation           Tloc           46%        N/A       1%          1

Your spell library contained the following spells:

 Spells                   Type           Power      Damage    Failure   Level
 Lesser Beckoning         Tloc           23%        N/A       1%          3
 Portal Projectile        Hex/Tloc       26%        N/A       6%          3
 Animate Skeleton         Necr           4%         N/A       9%          1
 Magic Dart               Conj           8%         1d3       9%          1
 Pain                     Necr           8%         1d4       9%          1
 Summon Small Mammal      Summ           8%         N/A       9%          1
 Call Imp                 Summ           2%         N/A       13%         2
 Corpse Rot               Necr/Air       4%         N/A       13%         2
 Ensorcelled Hibernation  Hex/Ice        4%         N/A       13%         2
 Passwall                 Tmut/Erth      1%         N/A       13%         2
 Frozen Ramparts          Ice            4%         1d2       26%         3
 Ozocubu's Armour         Ice            2%         N/A       26%         3
 Swiftness                Air            2%         N/A       26%         3
 Vampiric Draining        Necr           2%         2d6       26%         3
 Dispel Undead            Necr           2%         3d7       61%         4
 Ice Form                 Ice/Tmut       2%         N/A       61%         4
 Leda's Liquefaction      Hex/Erth       1%         N/A       61%         4
 Summon Ice Beast         Ice/Summ       2%         N/A       61%         4
 Manifold Assault         Tloc           23%        N/A       14%         5
 Agony                    Necr           2%         N/A       91%         5
 Excruciating Wounds      Necr           1%         N/A       91%         5
 Death Channel            Necr           1%         N/A       100%        6
 Ozocubu's Refrigeration  Ice            1%         4d5       100%        7
 Storm Form               Tmut/Air       1%         N/A       100%        7
 Borgnjor's Revivificati  Necr           1%         N/A       100%        8
 Necromutation            Tmut/Necr      1%         N/A       100%        8
 Death's Door             Necr           1%         N/A       100%        9


Dungeon Overview and Level Annotations

Branches:
Dungeon (11/15)            Temple (1/1) D:5            Lair (6/6) D:10
  Swamp (0/4) Lair:3        Snake (0/4) Lair:2        Slime (0/5) Lair:6
    Orc (2/2) D:11          Sewer (visited)         Volcano (visited)
    Elf: Orc:2

Shops:
Orc:2 [:

Annotations:
D:3 exclusion: water moccasin
D:6 anonymouscript's ghost, novice DDNe
Lair:6 exclusion: oklob plant


Innate Abilities, Weirdness & Mutations

You have an increased reservoir of magic. (+10% MP)
You shall have no god before yourself.
Your divine heritage dramatically boosts your attributes as you level up.


Message History

Unknown command.
Unknown command.
Unknown command.
You are too injured to fight recklessly!
Unknown command.
You feel much better.
Unknown command.
Reach: a) +0 glaive (spect)
Press: ? - help, Dir - move target, f/p - orc warlord
Aim: an orc warlord, wielding a +3 war axe of flaming, wearing a +1 chain mail of fire resistance and quivering bolts (noxious fumes, moderately wounded, confused, ally target, about 13% to evade your +0 spectral glaive)
You reach to attack!
You hit the orc warlord but do no damage.
The orc warlord is moderately wounded.
Your +0 spectral glaive barely misses the orc warlord.
The orc warlord is engulfed in noxious fumes.
Unknown command.
Unknown command.
You hit the orc warlord.
The orc warlord is moderately wounded.
Your +0 spectral glaive barely misses the orc warlord.
The orc warlord hits you with a +3 war axe of flaming!
The orc warlord burns you.
* * * LOW HITPOINT WARNING * * *
The orc warlord hits your +0 spectral glaive with a +3 war axe of flaming!
Your spectral weapon shares its damage with you!
The orc warlord burns your +0 spectral glaive.
* * * LOW HITPOINT WARNING * * *
Unknown command.
Unknown command.
Unknown command.
Unknown command.
Unknown command.
Unknown command.
You slash the orc warlord!
The orc warlord is heavily wounded.
Your +0 spectral glaive hits the orc warlord!
The orc warlord hits you with a +3 war axe of flaming!!
* * * LOW HITPOINT WARNING * * *
The orc warlord burns you.
You die...

.....#####.# ####...#8)8# #
...###.##.### #...##'## .#
...##....##.### ##)###)###+###'##
....#.....##..####....)).#.......
..........##..#.##.##'##.#....#
.....#....#....###.#...#.#....#..
..........#....# #.#..)#))....'..
............#.####.#####)####.#..
............###(@h.......#
.♣.........####o####.....#
....#......'....#..#..⌠..#
≈..##......####.).?#.....#
≈.♣##.....#####)#..#...... ≈≈#
#♣...###..#)####.##### ### #..##
#.§'......# # #≈.. #..#....#.#
≈≈.. #####....#


You could see an orc warlord (confused, ally target), a friendly +0 spectral
glaive (summoned) and a friendly hound (summoned).

Vanquished Creatures
  A fire dragon (Volcano)
  Harold (D:9)
  Fannar (Lair:3)
  8 hydras
  3 catoblepae (Lair:6)
  A boulder beetle (Lair:6)
  4 two-headed ogres
  A centaur warrior (D:9)
  7 death yaks (Lair:6)
  A hell hog (Volcano)
  Urug (Lair:5)
  A bog body (Lair:3)
  3 orc knights (Orc:2)
  2 orc sorcerers (Orc:2)
  2 cyclopes (D:11)
  2 manticores (Lair:6)
  Maurice (D:8)
  6 black mambas
  8 cane toads
  2 torpor snails
  10 komodo dragons
  A rime drake (Lair:5)
  2 molten gargoyles (Volcano)
  5 polar bears
  2 trolls
  30 blink frogs
  6 dream sheep (Lair:6)
  A spriggan (Lair:1)
  A wyvern (Lair:2)
  36 yaks
  A wraith (D:9)
  2 shadows
  6 basilisks
  5 fire bats (Volcano)
  2 nameless horrors
  3 steam dragons
  2 wargs
  15 water moccasins
  An acid dragon (D:8)
  2 hell hounds (Volcano)
  3 black bears
  An ice beast (D:7)
  22 orc warriors
  A necrophage (D:4)
  12 ogres
  A hornet zombie (D:8)
  16 wolves
  5 centaurs
  3 kobold brigands
  6 bullfrogs
  2 scorpions (D:10)
  21 killer bees
  2 howler monkeys (D:10)
  4 wights (D:8)
  3 vampire bats (D:11)
  4 electric eels
  4 lava snakes (Volcano)
  A bullfrog zombie (D:6)
  5 centaur zombies
  A jelly (D:7)
  A hound (D:4)
  9 orc priests
  Crazy Yiuf (D:6)
  2 gnoll shamans
  A bullfrog skeleton (D:6)
  4 iguanas
  10 orc wizards
  2 howler monkey zombies
  3 gnolls (D:7)
  5 adders
  A shadow imp (D:7)
  2 white imps
  3 ufetubi (D:6)
  2 adder skeletons
  3 worms
  2 dart slugs
  52 orcs
  4 bat skeletons (D:11)
  A bat zombie (D:11)
  9 endoplasms
  3 giant cockroaches
  12 goblins
  6 hobgoblins
  2 jackals (Sewer)
  25 kobolds
  10 quokkas
  4 ball pythons
  6 bats
  2 frilled lizards
  5 rats
498 creatures vanquished.

Vanquished Creatures (collateral kills)
  An alligator (Lair:6)
  A komodo dragon (Lair:3)
  A blink frog (Lair:5)
3 creatures vanquished.

Vanquished Creatures (others)
  75 fungi
  84 plants
159 creatures vanquished.

Grand Total: 660 creatures vanquished

Notes
Turn   | Place    | Note
-------+----------+-------------------------------------------
     0 | D:1      | drugrobin the Demigod Warper began the quest for the Orb.
     0 | D:1      | Reached XP level 1. HP: 17/17 MP: 5/5
    41 | D:1      | Reached skill level 2 in Polearms
   675 | D:1      | Reached XP level 2. HP: 24/24 MP: 7/7
  1232 | D:2      | Reached skill level 3 in Polearms
  1442 | D:2      | Reached XP level 3. HP: 29/29 MP: 8/8
  2590 | D:3      | Noticed a water moccasin
  2751 | D:3      | Reached skill level 4 in Polearms
  2985 | D:3      | Learned a level 2 spell: Blink
  2989 | D:3      | Learned a level 3 spell: Teleport Other
  3145 | D:4      | Reached XP level 4. HP: 36/36 MP: 9/9
  3702 | D:4      | Noticed a phantom
  4301 | D:4      | Noticed a steam dragon
  4459 | D:4      | Reached skill level 5 in Polearms
  4459 | D:4      | Reached XP level 5. HP: 32/41 MP: 10/10
  4825 | D:4      | Noticed a necrophage
  4865 | D:4      | Killed a necrophage
  4981 | D:5      | Entered Level 5 of the Dungeon
  5195 | D:5      | Found a staircase to the Ecumenical Temple.
  5309 | D:5      | Noticed a water moccasin
  5323 | D:5      | Killed a water moccasin
  5324 | D:5      | Reached skill level 6 in Polearms
  5324 | D:5      | Reached XP level 6. HP: 43/48 MP: 9/11
  5411 | D:5      | Found a glowing drain.
  5411 | D:5      | Identified the +1 short sword "Worm" {elec, rPois Str+3}
  5454 | Sewer    | Entered a sewer
  5522 | Sewer    | Noticed a water moccasin
  5547 | Sewer    | Killed a water moccasin
  5548 | Sewer    | Reached skill level 7 in Polearms
  6383 | Temple   | Entered the Ecumenical Temple
  6494 | Temple   | Learned a level 1 spell: Summon Small Mammal
  6515 | D:5      | Reached XP level 7. HP: 46/53 MP: 12/12
  6931 | D:5      | Reached skill level 8 in Polearms
  7364 | D:6      | Reached skill level 9 in Polearms
  7454 | D:6      | Found a runed translucent door.
  7455 | D:6      | Noticed Crazy Yiuf
  7525 | D:6      | Reached XP level 8. HP: 53/60 MP: 13/13
  7564 | D:6      | Found a runed translucent door.
  7564 | D:6      | Noticed anonymouscript's ghost (novice DDNe)
  8234 | D:6      | Killed Crazy Yiuf
  8235 | D:6      | Reached skill level 10 in Polearms
  8428 | D:7      | Learned a level 1 spell: Apportation
  8865 | D:7      | Reached skill level 11 in Polearms
  9287 | D:8      | Reached XP level 9. HP: 56/67 MP: 14/14
  9565 | D:8      | Reached skill level 12 in Polearms
  9984 | D:8      | Noticed Maurice
 10009 | D:8      | Killed Maurice
 10010 | D:8      | Reached skill level 13 in Polearms
 10584 | D:8      | Reached XP level 10. HP: 65/73 MP: 15/15
 10870 | D:9      | Reached skill level 14 in Polearms
 11024 | D:9      | Paralysed by a centaur for 6 turns
 11528 | D:9      | Noticed a centaur warrior
 11550 | D:9      | Killed a centaur warrior
 11641 | D:9      | Noticed Harold
 11654 | D:9      | Paralysed by a centaur for 5 turns
 11683 | D:9      | Killed Harold
 11684 | D:9      | Reached skill level 15 in Polearms
 11750 | D:9      | Noticed a cyclops
 12055 | D:10     | Entered Level 10 of the Dungeon
 12355 | D:10     | Noticed a two-headed ogre
 12379 | D:10     | Killed a two-headed ogre
 12677 | D:10     | Reached XP level 11. HP: 74/79 MP: 17/17
 12685 | D:10     | Found a staircase to the Lair.
 12720 | D:10     | Reached skill level 16 in Polearms
 13373 | Lair:1   | Entered Level 1 of the Lair of Beasts
 13629 | D:11     | Found a staircase to the Orcish Mines.
 14392 | Orc:1    | Entered Level 1 of the Orcish Mines
 14586 | Orc:2    | Entered Level 2 of the Orcish Mines
 14839 | Orc:2    | Noticed a two-headed ogre
 14843 | Orc:2    | Noticed a two-headed ogre
 15339 | Lair:1   | Reached skill level 5 in Translocations
 15387 | Lair:1   | Noticed a four-headed hydra
 15410 | Lair:1   | Killed a four-headed hydra
 16125 | Lair:2   | Noticed a six-headed hydra
 16125 | Lair:2   | Found a staircase to the Snake Pit.
 16244 | Lair:1   | Reached skill level 5 in Fighting
 16289 | Lair:2   | Learned a level 3 spell: Mephitic Cloud
 16293 | Lair:2   | Learned a level 3 spell: Call Canine Familiar
 16470 | Lair:2   | Found a dark tunnel.
 16494 | Volcano  | Entered a volcano
 16861 | Volcano  | Noticed a hell hog
 16872 | Volcano  | Killed a hell hog
 16898 | Volcano  | Noticed a fire dragon
 17033 | Volcano  | Killed a fire dragon
 17034 | Volcano  | Reached XP level 12. HP: 43/95 MP: 18/18
 17428 | Lair:2   | Identified the +5 dire flail of Toptiss {vorpal, Str+6}
 18408 | Lair:3   | Noticed Fannar
 18459 | Lair:3   | Killed Fannar
 18852 | Lair:3   | Reached skill level 5 in Dodging
 18979 | Lair:3   | You fall into a shaft and drop 2 floors!
 19294 | Lair:3   | Noticed a six-headed hydra
 19310 | Lair:3   | Killed a two-headed hydra
 19492 | Lair:3   | Found a staircase to the Swamp.
 19617 | Lair:3   | Noticed a seven-headed hydra
 19644 | Lair:3   | Killed a two-headed hydra
 19881 | Lair:3   | Noticed a seven-headed hydra
 19916 | Lair:3   | Killed a three-headed hydra
 20395 | Lair:4   | Reached skill level 17 in Polearms
 20510 | Lair:4   | Reached skill level 1 in Armour
 21506 | Lair:5   | Reached XP level 13. HP: 46/107 MP: 21/21
 21880 | Lair:5   | Noticed Urug
 21915 | Lair:5   | Killed Urug
 22459 | Lair:6   | Entered Level 6 of the Lair of Beasts
 22571 | Lair:6   | Identified a scroll of acquirement
 23582 | Lair:6   | Found a staircase to the Slime Pits.
 23705 | Lair:6   | Acquired 814 gold pieces
 24041 | Lair:6   | Learned a level 3 spell: Gell's Gravitas
 25424 | Orc:1    | Reached XP level 14. HP: 107/118 MP: 18/23
 25502 | Orc:2    | Reached skill level 18 in Polearms
 25759 | Orc:2    | Found Baovargh's Antique Armour Emporium.
 25768 | Orc:2    | Reached skill level 10 in Fighting
 25784 | Orc:2    | Found Kugietuq's Book Shoppe.
 25928 | Orc:2    | Noticed an orc warlord
 26183 | Orc:2    | HP: 1/121 [orc warlord (28)]
 26183 | Orc:2    | Slain by an orc warlord

Illustrated notes

Levels and vault maps discovered:
D:1:      shiori_arrival_oz, layout_basic,
          shapermc_ecumenical_altar_mp_ritualfount
D:2:      layout_basic
D:3:      layout_basic
D:4:      layout_basic, minmay_box_of_dots
D:5:      layout_loops_corners, minmay_temple_entry_tees, gup_sewer_entry_pipe,
          serial_glass, glass_columns_c, glass_columns_a
D:6:      layout_cave_pools, ebering_ghost_sewer_d,
          hangedman_abyss_or_decor_passed, minmay_ogre_servants,
          uniq_crazy_yiuf_cottage
D:7:      layout_loops_ring, nicolae_uskayaw_dance_studio
D:8:      layout_layer_cave, uniq_maurice
D:9:      kennysheep_blocky_room, layout_loops_ring, uniq_harold
D:10:     layout_gridville, due_lair_maze_entry_diamond
D:11:     layout_gridville, david_orc_3, kennysheep_vampire_church
Temple:   mainiacjoe_temple_hex_bubbles
Lair:1:   layout_layer_cave, serial_bayou_pond_a, minivault_24,
          serial_bayou_shore_b, serial_bayou_shore_a
Lair:2:   layout_long_grid, dummy_snake_entry, nicolae_volcano_entry_two_sided,
          serial_bayou, serial_bayou_pond_e, serial_bayou_crossing,
          serial_bayou_pond_c, serial_bayou_lagoon_b, serial_bayou_shore_b,
          grunt_forest_stairs_clearing
Lair:3:   layout_cave_pods, skrybe_swamp_entry_bodies, guppyfry_lair_drakes,
          infiniplex_staircase_pool_2, uniq_fannar
Lair:4:   layout_regular_city
Lair:5:   cheibrodos_lair_river_kwai, layout_concentric_octagons,
          lemuel_fruit_fields, uniq_urug
Lair:6:   evilmike_catoblepas_cave, layout_regular_city, slime_altar_1,
          basic_altar, wad_woods_road_01, hangedman_lair_generics_rect
Orc:1:    layout_diamond_mine, okawaru_metal_pillars_3
Orc:2:    pubby_orc_utopia, serial_shops

Skill      XL: |  1  2  3  4  5  6  7  8  9 10 11 12 13 14 |
---------------+-------------------------------------------+-----
Polearms       | 2 3 4 5 6 7 9 11 13 15 16 17 18 | 18.1
Fighting       | 5 7 9 10 | 10.1
Translocations | 6 7 |  7.0
Dodging        | 4 6 8 9 |  9.1
Spellcasting   | 3 |  3.4
Armour         | 1 3 |  3.0
Throwing       | |  0.8

Action                   |  1- 3 |  4- 6 |  7- 9 | 10-12 | 13-15 || total
-------------------------+-------+-------+-------+-------+-------++-------
Melee: Spear             |   204 |   171 |       |       |       ||   375
       Punch             |     3 |     1 |     7 |     4 |       ||    15
       Short sword       |       |    15 |       |    14 |       ||    29
       Trident           |       |    11 |   335 |   334 |       ||   680
       Quarterstaff      |       |       |   113 |   155 |       ||   268
       Glaive            |       |       |       |   622 |   538 ||  1160
       Broad axe         |       |       |       |    17 |    25 ||    42
 Fire: Shortbow          |       |       |    46 |    58 |     9 ||   113
Throw: Stone             |    16 |    12 |     5 |     2 |       ||    35
       Dart              |       |    11 |    20 |    34 |     4 ||    69
       Throwing net      |       |       |       |     3 |       ||     3
       Boomerang         |       |       |       |    32 |    12 ||    44
 Cast: Blink             |       |     4 |    18 |    27 |    12 ||    61
       Teleport Other    |       |     1 |       |     8 |       ||     9
       Summon Small Mamm |       |       |     2 |     4 |       ||     6
       Apportation       |       |       |     1 |     3 |     2 ||     6
       Call Canine Famil |       |       |       |    13 |    11 ||    24
       Gell's Gravitas   |       |       |       |       |     7 ||     7
       Mephitic Cloud    |       |       |       |       |     5 ||     5
Evoke: Wand              |       |    13 |    20 |     5 |     3 ||    41
       Box of beasts     |       |       |       |     1 |       ||     1
       Condenser vane    |       |       |       |       |     1 ||     1
  Use: Scroll            |     2 |       |       |    19 |     9 ||    30
       Potion            |       |     1 |       |     2 |     1 ||     4
 Stab: Sleeping          |     3 |     2 |       |     1 |     4 ||    10
       Petrifying        |       |       |     1 |       |       ||     1
       Petrified         |       |       |     1 |       |       ||     1
       Held in net/web   |       |       |       |     3 |       ||     3
       Confused          |       |       |       |     1 |     5 ||     6
       Distracted        |       |       |       |     1 |     2 ||     3
Armor: Leather armour    |    53 |    10 |       |       |    80 ||   143
       Scale mail        |       |    58 |   166 |   131 |       ||   355
       Steam dragon scal |       |       |       |   184 |       ||   184
       Ring mail         |       |       |       |   164 |    40 ||   204
       Troll leather arm |       |       |       |       |    14 ||    14
Dodge: Dodged            |    81 |    81 |   212 |   651 |   299 ||  1324
Block: Other             |     1 |    25 |       |       |       ||    26
       Reflection        |       |     1 |       |       |       ||     1

Table legend: (Time is in decaauts)
 A = Elapsed time spent in this place.
 B = Non-inter-level travel time spent in this place.
 C = Inter-level travel time spent in this place.
 D = Time resting spent in this place.
 E = Time spent auto-exploring this place.
 F = Levels seen in this place.
 G = Mean time per level.
                   A        B        C        D        E       F      G
               +--------+--------+--------+--------+--------+-----+--------+
         Total |  25886 |  23965 |   1921 |   2727 |  13193 |  22 | 1176.6 |
       Dungeon |  13780 |  12262 |   1518 |   1293 |   7059 |  11 | 1252.7 |
        Temple |    108 |    108 |      0 |     60 |      0 |   1 |  108.0 |
          Lair |   9469 |   9122 |    347 |   1013 |   5309 |   6 | 1578.2 |
  Orcish Mines |   1317 |   1261 |     56 |     83 |    455 |   2 |  658.5 |
         Sewer |    388 |    388 |      0 |    217 |     91 |   1 |  388.0 |
       Volcano |    821 |    821 |      0 |     60 |    278 |   1 |  821.0 |
               +--------+--------+--------+--------+--------+-----+--------+

Top non-repeatable levels by time:
  Lair:6: 2640 daAuts
     D:5: 1699 daAuts
     D:8: 1656 daAuts
     D:2: 1611 daAuts
  Lair:3: 1586 daAuts
  Lair:5: 1483 daAuts
  Lair:1: 1385 daAuts
    D:10: 1297 daAuts
  Lair:2: 1271 daAuts
     D:4: 1241 daAuts
     D:1: 1143 daAuts
     D:6: 1129 daAuts
     D:9: 1104 daAuts
  Lair:4: 1102 daAuts
     D:7: 1028 daAuts
